 Dungeon Crawl Stone Soup version 0.28.0-45-g0d030f2227 (webtiles) character file.

Game seed: 1443692744956988466

441 Icepheonix32 the Skirmisher (level 6, -7/46 (48) HPs)
             Began as a Demonspawn Fighter on Apr 6, 2022.
             Mangled by a hornet (13 damage)
             ... on level 5 of the Dungeon.
             The game lasted 00:03:40 (3774 turns).

Icepheonix32 the Skirmisher (Demonspawn Fighter)    Turns: 3774, Time: 00:03:41

HP:   -7/46 (48)    AC:  8    Str: 19    XL:     6   Next: 70%
MP:   6/6           EV:  9    Int: 11    God:
Gold: 229           SH:  4    Dex: 12    Spells: 3/5 levels left

rFire   + . .      SeeInvis .   i - +1 whip (pain)
rCold   . . .      Faith    .   c - +0 buckler
rNeg    . . .      Spirit   .   v - +0 scale mail {rF+}
rPois   .          Reflect  .   (no helmet)
rElec   .          Harm     .   (no cloak)
rCorr   .          Rampage  .   l - +0 pair of gloves
Will    .....                   (no boots)
Stlth   ..........              (no amulet)
HPRegen 0.15/turn               n - ring of wizardry
MPRegen 0.10/turn               (no ring)

@: slowed, lightly drained, very slow
A: big brain 1, weakness stinger 1
a: no special abilities


You were on level 5 of the Dungeon.
You visited 1 branch of the dungeon, and saw 5 of its levels.

You collected 229 gold pieces.

Inventory:

Hand Weapons
 a - a +0 long sword
 i - a +1 whip of pain (weapon)
 w - a +2 flail of protection
 A - a +2 dagger of holy wrath
Missiles
 r - 13 bolts
Armour
 c - a +0 buckler (worn)
 l - a +0 pair of gloves (worn)
 v - a +0 scale mail of fire resistance (worn)
Jewellery
 n - a ring of wizardry (left hand)
 y - a ring of wizardry
Wands
 o - a wand of iceblast (8)
Scrolls
 e - a scroll of enchant weapon {unknown}
 g - 7 scrolls of identify {unknown}
 h - a scroll of amnesia {unknown}
 j - 4 scrolls of teleportation {unknown}
 m - a scroll of magic mapping {unknown}
 p - a scroll of torment {unknown}
 q - a scroll of noise {unknown}
 t - a scroll of holy word {unknown}
 u - a scroll of enchant armour {unknown}
 x - 2 scrolls of summoning {unknown}
Potions
 f - a potion of cancellation
 k - a potion of attraction {unknown}
 s - 2 potions of degeneration {unknown}
 z - 2 potions of mutation {unknown}


   Skills:
 + Level 4.1 Fighting
 - Level 2.0 Long Blades
 - Level 2.4 Maces & Flails
 + Level 3.8 Armour
 + Level 1.5 Dodging
 + Level 0.4 Stealth
 + Level 3.8 Shields
 * Level 2.7 Necromancy


You had 3 spell levels left.
You knew the following spells:

 Your Spells              Type           Power      Damage    Failure   Level
a - Wereblood             Tmut           0%         N/A       58%         2

Your spell library contained the following spells:

 Spells                   Type           Power      Damage    Failure   Level
 Beastly Appendage        Tmut           0%         N/A       45%         1
 Portal Projectile        Hex/Tloc       0%         N/A       82%         3
 Spider Form              Tmut/Pois      0%         N/A       82%         3
 Excruciating Wounds      Necr           3%         N/A       99%         5
 Blade Hands              Tmut           0%         N/A       100%        5


Dungeon Overview and Level Annotations

Branches:
Dungeon (5/15)
 Temple: D:4-7

Altars:


Innate Abilities, Weirdness & Mutations

You have an unusually large brain. (Int +2)
You have a small tail.


Message History

A hornet comes into view.
The jelly quivers.
The hornet buzzes angrily.
Unknown command.
An iguana and an orc come into view.
The orc shouts!
A necrophage comes into view.
Found 16 bolts.
Unknown command.
It was a potion of heal wounds.
You feel much better.
Unknown command.
It was a potion of flight.
You feel very buoyant.
You fly up into the air.
The hornet stings you.
You feel yourself slow down.
You hit the hornet.
The hornet writhes in agony.
You tail-slap the hornet.
The hornet is moderately wounded.
The hornet barely misses you. The hornet stings you!
You feel as though you will be slow longer.
The hornet stings you.
You feel as though you will be slow longer.
You hit the hornet but do no damage.
The hornet is moderately wounded.
The hornet stings you.
You feel as though you will be slow longer.
The necrophage hits you but does no damage.
The hornet barely misses you. The necrophage closely misses you.
You miss the hornet.
The hornet is lightly wounded.
The hornet closely misses you. The necrophage hits you.
You feel drained. The hornet stings you!
You feel as though you will be slow longer.
It was a potion of cancellation.
Your magical effects are unravelling.
You feel magically purged.
You feel yourself speed up.
You float gracefully downwards.
The hornet stings you!
* * * LOW HITPOINT WARNING * * *
You feel yourself slow down. The necrophage closely misses you.
The hornet stings you!
You die...

#................
#...............#
#................
#........y.......
#................
#..............l.
#..............o.
######.#.######
########
##..#Jy@.#
.......#
#..#####n#
.......# #.## .#
.......###.# ..
.......##..# ...
.......#..## ....
)...)....###
(....
...............
.#....
.......#.###...


You could see a hornet, a necrophage and a jelly.

Vanquished Creatures
  An ogre (D:4)
  A centaur zombie (D:4)
  2 orc priests
  Jessica (D:2)
  An iguana (D:4)
  4 orc wizards
  2 adders (D:3)
  An adder skeleton (D:4)
  2 dart slugs
  12 orcs
  12 ball pythons
  4 bats
  4 endoplasms
  4 giant cockroaches
  5 goblins
  10 hobgoblins
  6 kobolds (D:1)
  A quokka (D:2)
  3 frilled lizards
  A rat (D:1)
77 creatures vanquished.

Notes
Turn   | Place    | Note
-------+----------+-------------------------------------------
     0 | D:1      | Icepheonix32 the Demonspawn Fighter began the quest for the
                  | Orb.
     0 | D:1      | Reached XP level 1. HP: 18/18 MP: 1/1
   177 | D:1      | Gained mutation: You have an unusually large brain. (Int
                  | +2) [demonic ancestry]
   177 | D:1      | Reached XP level 2. HP: 24/24 MP: 2/2
   216 | D:1      | Found a faded altar of an unknown god.
   692 | D:1      | Reached XP level 3. HP: 29/29 MP: 3/3
  1179 | D:2      | Noticed Jessica
  1189 | D:2      | Killed Jessica
  1190 | D:2      | Reached skill level 1 in Necromancy
  1497 | D:2      | Gained mutation: You have a small tail. [demonic ancestry]
  1497 | D:2      | Reached XP level 4. HP: 36/36 MP: 4/4
  1824 | D:3      | Reached skill level 1 in Maces & Flails
  1824 | D:3      | Reached skill level 1 in Dodging
  2160 | D:3      | Reached XP level 5. HP: 32/42 MP: 5/5
  3062 | D:4      | Noticed an ogre
  3068 | D:4      | Killed an ogre
  3069 | D:4      | Reached XP level 6. HP: 30/48 MP: 6/6
  3566 | D:4      | Learned a level 2 spell: Wereblood
  3586 | D:5      | Entered Level 5 of the Dungeon
  3649 | D:5      | Reached skill level 4 in Fighting
  3764 | D:5      | Noticed a hornet
  3774 | D:5      | Mangled by a hornet

Illustrated notes

Levels and vault maps discovered:
D:1:      grunt_arrival_crossed_arrows, layout_loops_cross,
          basic_ecumenical_altar
D:2:      layout_basic, uniq_jessica
D:3:      layout_loops_ring
D:4:      layout_basic
D:5:      layout_rooms

Skill      XL: |  1  2  3  4  5  6 |
---------------+-------------------+-----
Shields        | 3 |  3.8
Long Blades    | 2 |  2.0
Armour         | 3 |  3.8
Necromancy     | 1 2 |  2.7
Maces & Flails | 1 2 |  2.4
Dodging        | 1 |  1.5
Fighting       | 4 |  4.1
Stealth        | |  0.4

Action                   |  1- 3 |  4- 6 || total
-------------------------+-------+-------++-------
Melee: Long sword        |    55 |       ||    55
       Whip              |    46 |   168 ||   214
       Tailslap          |       |    24 ||    24
  Use: Potion            |       |     5 ||     5
Armor: Scale mail        |    41 |    91 ||   132
Dodge: Dodged            |    41 |    70 ||   111
Block: Buckler           |    11 |    33 ||    44
